 Dungeon Crawl Stone Soup version 0.31-a0-210-gccc998df9b (webtiles) character file.

Game seed: 919513239923544933

31 qw the Shooter (level 3, 0/21 HPs)
             Began as a Gargoyle Hexslinger on June 30, 2023.
             Slain by a kobold
             ... wielding a +0 club
              (2 damage)
             ... on level 2 of the Dungeon.
             The game lasted 00:00:20 (858 turns).

qw the Shooter (Gargoyle Hexslinger)                 Turns: 858, Time: 00:00:21

Health: 0/21       AC:  8    Str: 11    XL:     3   Next: 22%
Magic:  4/4        EV: 10    Int: 13    God:
Gold:   83         SH:  0    Dex: 14    Spells: 3/4 levels left

rFire   . . .        Y - +2 sling (flame)
rCold   . . .        (no shield)
rNeg    + . .        h - +0 ring mail
rPois   inf          (no helmet)
rElec   +            (no cloak)
rCorr   .            (no gloves)
SInv    .            (no boots)
Will    .....        (no amulet)
Stlth   +            (no ring)
HPRegen 0.23/turn    (no ring)
MPRegen 0.09/turn

%: no passive effects
@: no status effects
A: sickness immunity, AC +3, negative energy resistance 1, electricity
resistance, torment resistance 1, petrification resistance
a: no special abilities


You were on level 2 of the Dungeon.
You visited 1 branch of the dungeon, and saw 2 of its levels.

You collected 83 gold pieces.


Innate Abilities, Weirdness & Mutations

You are immune to sickness and miasma.
Your stone body is resilient. (AC +3)
You are immune to poison.
You resist negative energy. (rN+)
You are resistant to electric shocks. (rElec)
You are resistant to unholy torment.
You are immune to petrification.


   Skills:
 - Level 2.0 Fighting
 + Level 3.2 Ranged Weapons
 - Level 1.5 Dodging
 - Level 1.0 Spellcasting
 - Level 2.6 Hexes


You had 3 spell levels left.
You knew the following spells:

 Your Spells              Type           Power      Damage    Failure   Level
a - Slow                  Hex            28%        N/A       22%         1

Your spell library contained the following spells:

 Spells                   Type           Power      Damage    Failure   Level
 Inner Flame              Hex/Fire       4%         N/A       75%         3
 Portal Projectile        Hex/Tloc       8%         N/A       75%         3
 Cause Fear               Hex            3%         N/A       92%         4

Inventory:

Hand Weapons
 Y - a +2 sling of flaming (weapon)
Armour
 h - a +0 ring mail (worn)
Potions
 d - a potion of curing
 i - a potion of heal wounds {unknown}

Dungeon Overview and Level Annotations

Branches:
Dungeon (2/15)

Altars:


Message History

You shoot a sling bullet. The sling bullet hits the worm.
The sling bullet burns the worm.
The worm is almost dead.
The frilled lizard bites you but does no damage.
The jackal bites you. The kobold hits you but does no damage.
The frilled lizard misses you. The kobold hits you with a +0 club.
The jackal barely misses you.
You shoot a sling bullet. The sling bullet hits the worm!
The sling bullet burns the worm.
You kill the worm!
The jackal bites you but does no damage.
The frilled lizard bites you but does no damage.
The kobold closely misses you. The jackal barely misses you.
You shoot a sling bullet.
The sling bullet closely misses the jackal.
The jackal bites you but does no damage.
The frilled lizard bites you but does no damage.
The kobold barely misses you.
You shoot a sling bullet. The sling bullet hits the jackal!
The sling bullet burns the jackal.
You kill the jackal!
The frilled lizard closely misses you. The kobold closely misses you.
The ball python bites you but does no damage.
The ball python grabs you. The ball python constricts you.
The frilled lizard bites you but does no damage.
The kobold completely misses you.
You shoot a sling bullet. The sling bullet hits the ball python.
The sling bullet burns the ball python.
You kill the ball python!
The frilled lizard barely misses you. The kobold hits you with a +0 club.
You shoot a sling bullet.
The sling bullet barely misses the frilled lizard.
The frilled lizard completely misses you.
The kobold barely misses you.
You shoot a sling bullet.
The sling bullet hits the frilled lizard.
The sling bullet burns the frilled lizard.
You kill the frilled lizard!
The kobold hits you but does no damage. The kobold hits you with a +0 club.
You die...

.... ...
##########...##
.....(..... ...
..........##.# #
#.#.........#
!(.#
#...#.#.#..%#..#
#........@%..##
##.#.#.#K##......
#...............
#.#.#.#..######.
#.......##
######.## #.# #.#
#<#


You could see a kobold.

Vanquished Creatures
  A worm (D:2)
  2 bats (D:1)
  4 endoplasms
  A giant cockroach (D:1)
  3 goblins (D:1)
  3 hobgoblins (D:1)
  2 jackals (D:2)
  3 kobolds (D:1)
  2 ball pythons
  3 frilled lizards
  2 rats (D:1)
26 creatures vanquished.

Notes
Turn   | Place    | Note
-------+----------+-------------------------------------------
     0 | D:1      | qw the Gargoyle Hexslinger began the quest for the Orb.
     0 | D:1      | Reached XP level 1. HP: 12/12 MP: 2/2
     0 | D:1      | 0 ||| qw: Version: 0.3-a-26-gee661ec
     0 | D:1      | 0 ||| qw: Game counter: 7170
     0 | D:1      | 0 ||| qw: Melee chars always use a shield: true
     0 | D:1      | 0 ||| qw: God list: Okawaru
     0 | D:1      | 0 ||| qw: Allow faded altars: false
     0 | D:1      | 0 ||| qw: Do Orc after clearing Dungeon:15 true
     0 | D:1      | 0 ||| qw: Do second Lair branch before Depths: true
     0 | D:1      | 0 ||| qw: Lair rune preference: random
     0 | D:1      | 0 ||| qw: Goals: Normal
     0 | D:1      | 0 ||| PLANNING D:1-11
   157 | D:1      | Reached XP level 2. HP: 16/16 MP: 3/3
   253 | D:1      | Reached skill level 3 in Ranged Weapons
   761 | D:1      | 761 ||| UPGRADING to +0 ring mail.
   771 | D:1      | 771 ||| DROPPING +0 robe.
   772 | D:1      | 772 ||| READING scroll labelled ADOILI ZUL OSO.
   773 | D:1      | 773 ||| READING scroll labelled HOOHUSHIES.
   786 | D:1      | 786 ||| READING scroll labelled BEUDOI SU NUFIGI.
   787 | D:1      | 787 ||| READING scroll labelled JUKLYIJ TUOLU.
   788 | D:1      | 788 ||| READING scroll labelled GICKIU YCI OMUI.
   789 | D:1      | 789 ||| READING scroll labelled RAETECWEDO.
   790 | D:1      | 790 ||| DRINKING 2 clear potions.
   791 | D:1      | 791 ||| DROPPING scroll of poison.
   844 | D:2      | Reached XP level 3. HP: 17/21 MP: 4/4
   852 | D:2      | HP: 4/21 [kobold/+0 club (2)]
   858 | D:2      | Slain by a kobold

Levels and vault maps discovered:
D:1:      dpeg_arrival_round_b, layout_rooms, hangedman_decor_points,
          kennysheep_crisscross, chequers_big_river, minmay_misc_feat_x
D:2:      kennysheep_the_goblin_king, layout_loops_ring, serial_shops, shop,
          nicolae_diamond_shop, serial_glass, glass_columns_b, glass_columns_a,
          minmay_tetromino_t4, uniq_terence, uniq_crazy_yiuf_cottage,
          uniq_sigmund

Skill      XL: |  1  2 |
---------------+-------+-----
Ranged Weapons | 3 |  3.2
Fighting       | 2 |  2.0
Dodging        | |  1.5
Spellcasting   | |  1.0
Hexes          | |  2.6

Action                     || total
---------------------------++-------
   Fire: Sling             ||    77
    Use: Scroll            ||     6
         Potion            ||     1
 Armour: Robe              ||     3
         Ring mail         ||    26
  Dodge: Dodged            ||    55

Table legend:
 A = Non-vault XP
 B = Vault XP
 C = Vault XP percentage of total XP
 D = Non-vault monster count
 E = Vault monster count
 F = Vault count percentage of total count
                 A         B        C        D         E       F
            +---------+---------+-------+---------+---------+-------
      Total |      37 |       9 |  19.6 |      23 |       3 |  11.5
            +---------+---------+-------+---------+---------+-------
        D:1 |      31 |       0 |   0.0 |      19 |       0 |   0.0
        D:2 |       6 |       9 |  60.0 |       4 |       3 |  42.9
            +---------+---------+-------+---------+---------+-------
